 Dungeon Crawl Stone Soup version 0.23.1 (webtiles) character file.

Game seed: 4628730687848732290

3966 Xenon25 the Grappler (level 10, -6/92 HPs)
             Began as a Troll Berserker on Mar 13, 2019.
             Was an Elder of Trog.
             Mangled by a death yak (26 damage)
             ... on level 7 of the Dungeon.
             The game lasted 00:12:20 (4899 turns).

Xenon25 the Grappler (Troll Berserker)              Turns: 4899, Time: 00:12:21

Health: -6/92      AC:  7    Str: 35    XL:     10   Next: 2%
Magic:  9/9        EV:  9    Int:  3    God:    Trog [****..]
Gold:   330        SH: 17    Dex:  9    Spells: 9/9 levels left

rFire    . . .     SeeInvis +     - Unarmed
rCold    . . .     Gourm    +   j - +0 large shield (curse)
rNeg     . . .     Faith    .   x - +1 robe of Zin's Reproof {Str+3}
rPois    .         Spirit   .   (helmet restricted)
rElec    .         Reflect  .   (no cloak)
rCorr    .         Harm     .   (gloves unavailable)
MR       ++...                  (boots unavailable)
Stlth    ++........             (no amulet)
HPRegen  1.65/turn              D - +2 ring of strength
MPRegen  0.11/turn              v - ring of see invisible

@: berserk cooldown, regenerating, slowed, very slow
A: large, unfitting armour, claws 3, fast metabolism 3, gourmand, regeneration
1, shaggy fur 1, tough skin 3
a: Berserk, Trog's Hand, Brothers in Arms, Renounce Religion


You were on level 7 of the Dungeon.
You worshipped Trog.
Trog was greatly pleased with you.
You were full.

You visited 1 branch of the dungeon, and saw 8 of its levels.

You collected 444 gold pieces.
You spent 114 gold pieces at shops.

Inventory:

Armour
 a - a +0 animal skin
 j - a cursed +0 large shield (worn)
 x - the +1 robe of Zin's Reproof (worn) {Str+3}
   (You bought it in a shop on level 6 of the Dungeon)

   It affects your strength (+3).
Jewellery
 h - an uncursed ring of wizardry
 v - a ring of see invisible (right claw)
 D - a +2 ring of strength (left claw)
Wands
 n - a wand of disintegration (6)
 w - a wand of acid (8)
 C - a wand of flame (23)
 G - a wand of random effects (15)
Scrolls
 c - 5 scrolls of remove curse
 i - 3 scrolls of fog
 l - a scroll of noise {unknown}
 m - a scroll of blinking {unknown}
 p - a scroll of fear {unknown}
 q - a scroll of immolation {unknown}
 s - 2 scrolls of enchant armour
 y - a scroll of torment {unknown}
 A - a scroll of teleportation {unknown}
 B - a scroll of enchant weapon {unknown}
 E - a scroll of brand weapon {unknown}
 F - a scroll of summoning {unknown}
Potions
 d - 3 potions of cancellation
 e - 2 potions of berserk rage
 f - a potion of heal wounds
 g - a potion of degeneration {unknown}
 k - a potion of haste {unknown}
 o - a potion of curing {unknown}
 r - 3 potions of might
 t - a potion of mutation {unknown}
 u - a potion of flight {unknown}
 z - a potion of lignification {unknown}
Comestibles
 b - 8 rations


   Skills:
 + Level 4.1 Fighting
 + Level 5.5 Dodging
 + Level 1.7 Stealth
 + Level 5.8 Shields
 + Level 10.2 Unarmed Combat


You had 9 spell levels left.
You didn't know any spells.
Your spell library was empty.

Dungeon Overview and Level Annotations

Branches:
Dungeon (8/15)             Temple (0/1) D:4
   Lair: D:8-11

Altars:
Cheibriados
Kikubaaqudgha
Qazlal
Ru
Uskayaw
Wu Jian

Shops:
D:6 *   D:7 *

Annotations:
D:5 2 transporters, Moggy's ghost, novice FoVM


Innate Abilities, Weirdness & Mutations

You are too large for most types of armour.
You have claws for hands.
Your metabolism is lightning-fast.
You like to eat raw meat.
Your natural rate of healing is unusually fast.
You are covered in fur. (AC +1)
You have extremely tough skin. (AC +3)


Message History

You block the death yak's attack.
The jelly jiggles.
The death yak gores you!!
There is a stone staircase leading up here.
You block the death yak's attack. The death yak gores you!!
The death yak gores you. x2
The death yak snorts and paws the ground.
You climb upwards.
There is a stone staircase leading down here.
You're still recovering from your berserk rage.
You mangle the death yak!!
The death yak is moderately wounded.
The death yak gores you!!
* * * LOW HITPOINT WARNING * * *
You block the death yak's attack.
You feel much better. You block the death yak's attack. x2
The death yak gores you!
* * * LOW HITPOINT WARNING * * *
The death yak gores you!!
You die...

####..............
#..............
#..............
#..............
######.........
###....)..#..#
##########...####......
##...#......### #......
##......@..### #......
#......YY.(.# #......
#...........# #.....[
#>..........# #......
##.........########......
##...#...........#......
###############.#......
########........
#...##..........


You could see 2 death yaks.

Vanquished Creatures
  A death yak (D:8)
  Pikel (D:6)
  2 slaves (D:6)
  A sky beast (D:8)
  Duvessa (D:6)
  A black bear (D:7)
  2 phantoms
  3 ogres
  8 centaurs
  A crocodile (D:7)
  4 bullfrogs
  Dowan (D:6)
  4 scorpions
  2 crimson imps (D:7)
  A bullfrog zombie (D:7)
  4 hounds
  A jelly (D:6)
  12 orc wizards
  A centaur zombie (D:7)
  A bullfrog skeleton (D:4)
  5 worker ants
  2 hound skeletons (D:4)
  7 adders
  3 gnolls (D:5)
  A shadow imp (D:6)
  3 oozes
  2 worms (D:2)
  2 dart slugs
  4 leopard geckos
  26 orcs
  3 bats (D:3)
  4 giant cockroaches
  5 goblins
  7 hobgoblins
  5 jackals
  4 quokkas
  2 ball pythons
  5 frilled lizards
  11 kobolds
  A leopard gecko skeleton (D:4)
  2 leopard gecko zombies
  A quokka skeleton (D:4)
  9 rats
166 creatures vanquished.

Notes
Turn   | Place    | Note
-------+----------+-------------------------------------------
     0 | D:1      | Xenon25 the Troll Berserker began the quest for the Orb.
     0 | D:1      | Reached XP level 1. HP: 22/22 MP: 0/0
    17 | D:1      | Reached XP level 2. HP: 23/29 MP: 1/1
   236 | D:1      | Reached ** piety under Trog
   236 | D:1      | Reached XP level 3. HP: 36/36 MP: 2/2
   835 | D:2      | Found a faded altar of an unknown god.
   943 | D:2      | Reached skill level 4 in Unarmed Combat
   943 | D:2      | Reached XP level 4. HP: 29/45 MP: 3/3
  1502 | D:3      | Reached XP level 5. HP: 53/53 MP: 4/4
  1601 | D:3      | Noticed a +0 hand axe
  1602 | D:3      | Noticed a +0 dagger
  1621 | D:3      | Found a hide-covered altar of Uskayaw.
  1982 | D:4      | Reached skill level 1 in Shields
  2013 | D:4      | Reached XP level 6. HP: 60/61 MP: 5/5
  2052 | D:4      | Reached skill level 5 in Unarmed Combat
  2235 | D:4      | Reached *** piety under Trog
  2444 | D:4      | Reached XP level 7. HP: 60/67 MP: 6/6
  2690 | D:4      | Found a staircase to the Ecumenical Temple.
  2749 | D:5      | Entered Level 5 of the Dungeon
  2824 | D:5      | Reached skill level 6 in Unarmed Combat
  2903 | D:5      | Found a transporter.
  2907 | D:5      | Found a transporter.
  2907 | D:5      | Noticed Moggy's ghost (novice FoVM)
  2909 | D:5      | Identified the cursed +0 great mace "Ifiqi" {venom, rElec
                  | rPois rF+++ Dex-2}
  2960 | D:5      | Found a snail-covered altar of Cheibriados.
  2961 | D:5      | Found a sacrificial altar of Ru.
  3019 | D:5      | Reached skill level 1 in Stealth
  3151 | D:5      | Reached XP level 8. HP: 71/75 MP: 7/7
  3153 | D:5      | Found a stormy altar of Qazlal.
  3199 | D:5      | Found an ornate altar of the Wu Jian Council.
  3348 | D:6      | Reached skill level 7 in Unarmed Combat
  3516 | D:6      | Found Huosar's Assorted Antiques.
  3521 | D:6      | Bought a tattered robe for 114 gold pieces
  3531 | D:6      | Identified the +1 robe of Zin's Reproof {Str+3} (You bought
                  | it in a shop on level 6 of the Dungeon)
  3695 | D:6      | Noticed Pikel
  3728 | D:6      | Killed Pikel
  3728 | D:6      | Reached skill level 8 in Unarmed Combat
  3842 | D:6      | Noticed Duvessa
  3843 | D:6      | Noticed Dowan
  3849 | D:6      | Killed Duvessa
  3863 | D:6      | Killed Dowan
  3863 | D:6      | Reached XP level 9. HP: 83/83 MP: 8/8
  4360 | D:7      | Reached skill level 9 in Unarmed Combat
  4429 | D:7      | Reached **** piety under Trog
  4449 | D:7      | Found an ancient bone altar of Kikubaaqudgha.
  4471 | D:7      | Reached skill level 5 in Dodging
  4505 | D:7      | Reached skill level 5 in Shields
  4690 | D:7      | Found Joghu's General Store.
  4878 | D:8      | Noticed a death yak
  4879 | D:8      | Noticed a death yak
  4881 | D:8      | Noticed a death yak
  4885 | D:8      | Noticed a death yak
  4885 | D:8      | Noticed a death yak
  4892 | D:8      | Killed a death yak
  4892 | D:8      | Reached skill level 10 in Unarmed Combat
  4892 | D:8      | Reached XP level 10. HP: 92/92 MP: 9/9
  4899 | D:7      | Mangled by a death yak

Skill      XL: |  1  2  3  4  5  6  7  8  9 |
---------------+----------------------------+-----
Fighting       | 3 4 |  4.1
Unarmed Combat | 4 5 6 8 10 | 10.2
Dodging        | 3 4 5 |  5.5
Shields        | 1 2 3 4 5 |  5.8
Stealth        | 1 |  1.7

Action                   |  1- 3 |  4- 6 |  7- 9 | 10-12 || total
-------------------------+-------+-------+-------+-------++-------
Melee: Unarmed           |    93 |   216 |   260 |     2 ||   571
Invok: Trog's Hand       |       |     3 |     6 |       ||     9
       Berserk           |       |     1 |     6 |       ||     7
  Use: Scroll            |       |       |     7 |       ||     7
       Potion            |       |       |       |     1 ||     1
 Stab: Sleeping          |       |     2 |     1 |       ||     3
  Eat: Chunk             |     9 |    21 |    25 |       ||    55
       Ration            |       |       |     1 |       ||     1
Armor: Animal skin       |    37 |    67 |     5 |       ||   109
       Robe              |       |       |    42 |       ||    42
Dodge: Dodged            |    42 |    39 |    51 |       ||   132
Block: Large shield      |     2 |   162 |   191 |     6 ||   361
